 Dungeon Crawl Stone Soup version 0.27-a0-1529-g1e82c303ef (webtiles) character file.

Game seed: 12762599813027435967

258 Spectrina the Chiller (level 6, -3/41 HPs)
             Began as a Human Ice Elementalist on July 11, 2021.
             Slain by a hornet (12 damage)
             ... on level 7 of the Dungeon.
             The game lasted 00:10:30 (1257 turns).

Spectrina the Chiller (Human Ice Elementalist)      Turns: 1257, Time: 00:10:31

Health: -3/41      AC:  6    Str:  8    XL:     6   Next: 40%
Magic:  4/9        EV: 12    Int: 18    God:
Gold:   133        SH:  0    Dex: 13    Spells: 2/9 levels left

rFire    . . .     SeeInvis .   j - +4 dagger
rCold    + . .     Faith    .   (no shield)
rNeg     . . .     Spirit   .   a - +0 robe
rPois    .         Reflect  .   (no helmet)
rElec    .         Harm     .   (no cloak)
rCorr    .         Rampage  .   (no gloves)
Will     .....                  (no boots)
Stlth    ++........             (no amulet)
HPRegen  0.13/turn              i - ring of protection from cold
MPRegen  0.11/turn              m - +4 ring of protection

@: lethally poisoned (-3 -> -9), freezing walls, slowed, very slow
A: no striking features
a: no special abilities


You were on level 7 of the Dungeon.
You visited 1 branch of the dungeon, and saw 7 of its levels.

You collected 133 gold pieces.

Inventory:

Hand Weapons
 f - a +0 hunting sling
 j - a +4 dagger (weapon)
Missiles
 d - 33 bolts
Armour
 a - a +0 robe (worn)
Magical Staves
 h - a staff of poison
Jewellery
 i - a ring of protection from cold (left hand)
 m - a +4 ring of protection (right hand)
Scrolls
 b - a scroll of magic mapping {unknown}
 c - 2 scrolls of teleportation {unknown}
 e - 2 scrolls of noise {unknown}
 g - 2 scrolls of identify {unknown}
 k - a scroll of vulnerability {unknown}
 l - a scroll of silence {unknown}


   Skills:
 - Level 2.0 Dodging
 - Level 2.0 Stealth
 - Level 2.0 Spellcasting
 + Level 7.2 Ice Magic


You had 2 spell levels left.
You knew the following spells:

 Your Spells              Type           Power      Damage    Failure   Level
a - Freeze                Ice            100%       1d11      1%          1
b - Frozen Ramparts       Ice            56%        1d7       2%          3
c - Ozocubu's Armour      Ice            28%        N/A       2%          3

Your spell library contained the following spells:

 Spells                   Type           Power      Damage    Failure   Level
 Hailstorm                Conj/Ice       14%        3d5       38%         4


Dungeon Overview and Level Annotations

Branches:
Dungeon (7/15)
 Temple: D:4-7

Altars:

Annotations:
D:6 1 runed translucent door, Maggie; flotson's ghost, novice OpBr


Message History

The hornet buzzes angrily.
You hear a shout! x2
There is a stone staircase leading up here.
Casting: Ozocubu's Armour (dangerous; 2% risk of failure)
Confirm with . or Enter, or press ? or * to list all spells.
Casting: Frozen Ramparts (dangerous; 2% risk of failure)
Press: ? - help, Dir - look around, f - activate A stone staircase leading up.
The walls around you are covered in ice.
The wall freezes the hornet. x2
Unknown command.
Casting: Frozen Ramparts (dangerous; 2% risk of failure)
Confirm with . or Enter, or press ? or * to list all spells.
Aiming: Freeze (safe; 1% risk of failure)
Press: ? - help, Shift-Dir - straight line, f - hornet
Aim: a hornet (lightly wounded)
You freeze the hornet!
The hornet is heavily wounded.
The wall freezes the hornet.
The hornet stings you.
You feel yourself slow down.
You closely miss the hornet.
The hornet is heavily wounded.
The wall freezes the hornet.
The hornet stings you!
You are poisoned.
You feel as though you will be slow longer.
The wall freezes the hornet.
The hornet stings you.
You feel as though you will be slow longer.
Casting: Freeze (safe; 1% risk of failure)
Confirm with . or Enter, or press ? or * to list all spells.
Aiming: Freeze (safe; 1% risk of failure)
Press: ? - help, Shift-Dir - straight line, f/p - hornet
Aim: a hornet (severely wounded)
You freeze the hornet.
The hornet is severely wounded.
* * * LOW HITPOINT WARNING * * *
You feel very sick.
The wall freezes the hornet but does no damage.
The hornet barely misses you.
The wall freezes the hornet but does no damage.
The hornet stings you!
You die...

.#
.#
##..
...
#..
#.#
#y#
#@#
###


You could see a hornet.

Vanquished Creatures
  A sky beast (D:4)
  A scorpion (D:6)
  A hound (D:6)
  An iguana (D:6)
  A howler monkey skeleton (D:4)
  2 worms
  A dart slug (D:1)
  4 endoplasms
  2 giant cockroaches (D:3)
  8 goblins
  2 hobgoblins (D:1)
  2 ball pythons
  A bat (D:1)
  2 frilled lizards
  4 kobolds
  3 rats
36 creatures vanquished.

Notes
Turn   | Place    | Note
-------+----------+-------------------------------------------
     0 | D:1      | Spectrina the Human Ice Elementalist began the quest for
                  | the Orb.
     0 | D:1      | Reached XP level 1. HP: 13/13 MP: 3/3
   175 | D:3      | Reached XP level 2. HP: 19/19 MP: 1/5
   280 | D:3      | Noticed a necrophage
   342 | D:4      | Noticed a sky beast
   661 | D:1      | Reached XP level 3. HP: 9/24 MP: 1/6
   747 | D:2      | Reached skill level 5 in Ice Magic
   755 | D:2      | Learned a level 3 spell: Frozen Ramparts
   882 | D:4      | Killed a sky beast
   883 | D:4      | Reached skill level 6 in Ice Magic
   883 | D:4      | Reached XP level 4. HP: 9/30 MP: 2/7
   883 | D:4      | Reached XP level 5. HP: 10/35 MP: 2/8
   892 | D:4      | Learned a level 3 spell: Ozocubu's Armour
   948 | D:4      | Noticed a black bear
  1079 | D:5      | Entered Level 5 of the Dungeon
  1133 | D:6      | Reached XP level 6. HP: 20/41 MP: 4/9
  1135 | D:6      | Reached skill level 7 in Ice Magic
  1207 | D:6      | Found a runed translucent door.
  1207 | D:6      | Noticed flotson's ghost (novice OpBr)
  1209 | D:6      | Noticed Maggie
  1253 | D:7      | Noticed a hornet
  1257 | D:7      | Slain by a hornet

Illustrated notes

Levels and vault maps discovered:
D:1:      lightli_arrival_isolated_outpost, layout_rooms,
          hellmonk_ecumenical_altar_crossroads
D:2:      layout_basic, serial_glass, glass_columns_a, glass_columns_b,
          st_stairs_1, uniq_terence, uniq_natasha
D:3:      layout_loops_corners, lemuel_tele_altar, grunt_ministairs_14,
          minmay_box_of_dots
D:4:      layout_loops_ring
D:5:      layout_cave_pools, gammafunk_temple_overflow_arena, uniq_blork_the_orc
D:6:      layout_loops_ring, temple_green, hellmonk_ghost_happy_afterlife,
          kennysheep_small_square, uniq_duvessa, uniq_maggie
D:7:      layout_basic, nicolae_water_bricks, uniq_pikel

Skill      XL: |  1  2  3  4  5  6 |
---------------+-------------------+-----
Ice Magic      | 6 7 |  7.2
Dodging        | |  2.0
Stealth        | |  2.0
Spellcasting   | |  2.0

Action                   |  1- 3 |  4- 6 || total
-------------------------+-------+-------++-------
Melee: Staff             |     8 |       ||     8
       Dagger            |    15 |    18 ||    33
 Cast: Freeze            |    31 |     6 ||    37
       Frozen Ramparts   |     1 |     4 ||     5
       Ozocubu's Armour  |       |     1 ||     1
 Stab: Sleeping          |       |     3 ||     3
Armor: Robe              |     9 |     5 ||    14
Dodge: Dodged            |    20 |    10 ||    30

Table legend: (Time is in decaauts)
 A = Elapsed time spent in this place.
 B = Non-inter-level travel time spent in this place.
 C = Inter-level travel time spent in this place.
 D = Time resting spent in this place.
 E = Time spent auto-exploring this place.
 F = Levels seen in this place.
 G = Mean time per level.
                   A        B        C        D        E       F      G
               +--------+--------+--------+--------+--------+-----+--------+
         Total |   1265 |   1195 |     70 |      0 |      0 |   7 |  180.7 |
       Dungeon |   1265 |   1195 |     70 |      0 |      0 |   7 |  180.7 |
               +--------+--------+--------+--------+--------+-----+--------+

Top non-repeatable levels by time:
     D:3: 414 daAuts
     D:4: 337 daAuts
     D:2: 224 daAuts
     D:1: 142 daAuts
     D:6: 123 daAuts
     D:5: 17 daAuts
     D:7: 6 daAuts
